 Dungeon Crawl Stone Soup version 0.29-a0-857-g9b1aa3ac5b (webtiles) character file.

Game seed: 18247447152083657419

2 xian the Charlatan (level 1, -1/16 HPs)
             Began as a Palentonga Artificer on July 16, 2022.
             Slain by a ball python (2 damage)
             ... on level 1 of the Dungeon.
             The game lasted 00:00:51 (56 turns).

xian the Charlatan (Palentonga Artificer)             Turns: 56, Time: 00:00:52

Health: -1/16      AC:  4    Str: 15    XL:     1   Next: 33%
Magic:  1/1        EV:  9    Int: 11    God:
Gold:   8          SH:  0    Dex: 10    Spells: 0/0 levels left

rFire   . . .      SeeInvis +   a - +0 club
rCold   . . .      Faith    .   (no shield)
rNeg    . . .      Spirit   .   b - +0 leather armour
rPois   .          Reflect  .   (no helmet)
rElec   .          Harm     .   (no cloak)
rCorr   .          Rampage  .   (no gloves)
Will    .....                   (no barding)
Stlth   +.........              (no amulet)
HPRegen 0.05/turn               (no ring)
MPRegen 0.07/turn               (no ring)

@: no status effects
A: large, rugged brown scales 3, see invisible, deformed body, roll 1, armoured
tail
a: Rolling Charge


You were on level 1 of the Dungeon.
You visited 1 branch of the dungeon, and saw 1 of its levels.

You collected 8 gold pieces.

Inventory:

Hand Weapons
 a - a +0 club (weapon)
Armour
 b - a +0 leather armour (worn)
Wands
 c - a wand of flame (14)
 d - a wand of charming (14)
 e - a wand of iceblast (9)


   Skills:
 + Level 1.0 Fighting
 + Level 1.5 Armour
 + Level 0.7 Dodging
 + Level 0.5 Stealth
 + Level 2.8 Evocations


You couldn't memorise any spells.
You didn't know any spells.
Your spell library was empty.

Dungeon Overview and Level Annotations

Branches:
Dungeon (1/15)

Altars:


Innate Abilities, Weirdness & Mutations

You are completely covered in rugged brown scales. (AC +3, +7% HP)
You have supernaturally acute eyesight. (SInv)
Armour fits poorly on your strangely shaped body.
You can roll at nearby foes to attack.
You have a long armoured tail.


Message History

The hobgoblin barely misses you.
Aiming: Charm
Press: ? - help, Shift-Dir - straight line, f - hobgoblin, p - goblin
Aim: a hobgoblin (chance to affect: 72%)
The hobgoblin struggles to resist.
The hobgoblin barely misses you. The goblin barely misses you.
The ball python misses you.
A giant cockroach comes into view.
Hit: a) +0 club
Press: ? - help, Dir - move target, f/p - hobgoblin
Aim: a hobgoblin (about 44% to evade your +0 club)
You closely miss the hobgoblin. You tail-slap the hobgoblin.
You kill the hobgoblin!
The ball python bites you. The ball python barely misses you.
The goblin barely misses you.
The ball python bites you but does no damage.
You are too injured to fight recklessly!
Roll where?
Press: ? - help, Dir - move target, f - frilled lizard
Aim: a frilled lizard You roll forward with a clatter of scales!
You miss the frilled lizard.
The frilled lizard bites you but does no damage.
The goblin hits you but does no damage. The ball python bites you.
The ball python barely misses you.
The frilled lizard completely misses you.
The goblin barely misses you. The ball python barely misses you.
The frilled lizard barely misses you.
The ball python attacks as you move away!
The ball python bites you.
The frilled lizard bites you but does no damage.
You see here a rat corpse.
The ball python attacks as you move away!
The ball python bites you.
* * * LOW HITPOINT WARNING * * *
The ball python attacks as you move away!
The ball python barely misses you. The ball python bites you.
* * * LOW HITPOINT WARNING * * *
The ball python attacks as you move away!
The ball python bites you.
You die...

#.....# ##.....##
#8.....8# ##.....##
##.....##
#8.....8###
##.....##.#
##.....##.#
#8.....8#@# ..
##.....##S## ..
##.....##l.##.# .
#8.....8#g....#
...##.....##g....#
.........B.S.....#
...........B........
......###.."####..#.
...... ###.......#


You could see a giant cockroach, a hobgoblin, a goblin, 2 ball pythons and a
frilled lizard.

Vanquished Creatures
  A hobgoblin (D:1)
  2 rats (D:1)
3 creatures vanquished.

Notes
Turn   | Place    | Note
-------+----------+-------------------------------------------
     0 | D:1      | xian the Palentonga Artificer began the quest for the Orb.
     0 | D:1      | Reached XP level 1. HP: 16/16 MP: 1/1
    56 | D:1      | Slain by a ball python

Illustrated notes

Levels and vault maps discovered:
D:1:      psy_arrival_heroes, layout_rooms, shapermc_ecumenical_altar_ellora

Action                   || total
-------------------------++-------
Melee: Club              ||     7
       Tailslap          ||     1
 Abil: Rolling Charge    ||     4
Evoke: Wand              ||     2
Armor: Leather armour    ||     6
Dodge: Dodged            ||    16

Table legend: (Time is in decaauts)
 A = Elapsed time spent in this place.
 B = Non-inter-level travel time spent in this place.
 C = Inter-level travel time spent in this place.
 D = Time resting spent in this place.
 E = Time spent auto-exploring this place.
 F = Levels seen in this place.
 G = Mean time per level.
                   A        B        C        D        E       F      G
               +--------+--------+--------+--------+--------+-----+--------+
         Total |     58 |     58 |      0 |      0 |     25 |   1 |   58.0 |
       Dungeon |     58 |     58 |      0 |      0 |     25 |   1 |   58.0 |
               +--------+--------+--------+--------+--------+-----+--------+

Top non-repeatable levels by time:
     D:1: 58 daAuts
